%YAML 1.1
%TAG !u! tag:unity3d.com,2011:
--- !u!29 &1
OcclusionCullingSettings:
  m_ObjectHideFlags: 0
  serializedVersion: 2
  m_OcclusionBakeSettings:
    smallestOccluder: 5
    smallestHole: 0.25
    backfaceThreshold: 100
  m_SceneGUID: 00000000000000000000000000000000
  m_OcclusionCullingData: {fileID: 0}
--- !u!104 &2
RenderSettings:
  m_ObjectHideFlags: 0
  serializedVersion: 9
  m_Fog: 0
  m_FogColor: {r: 0.5, g: 0.5, b: 0.5, a: 1}
  m_FogMode: 3
  m_FogDensity: 0.01
  m_LinearFogStart: 0
  m_LinearFogEnd: 300
  m_AmbientSkyColor: {r: 0.63897294, g: 0.6832947, b: 0.7830189, a: 1}
  m_AmbientEquatorColor: {r: 0.114, g: 0.125, b: 0.133, a: 1}
  m_AmbientGroundColor: {r: 0.047, g: 0.043, b: 0.035, a: 1}
  m_AmbientIntensity: 0.5
  m_AmbientMode: 3
  m_SubtractiveShadowColor: {r: 0.42, g: 0.478, b: 0.627, a: 1}
  m_SkyboxMaterial: {fileID: 10304, guid: 0000000000000000f000000000000000, type: 0}
  m_HaloStrength: 0.5
  m_FlareStrength: 1
  m_FlareFadeSpeed: 3
  m_HaloTexture: {fileID: 0}
  m_SpotCookie: {fileID: 10001, guid: 0000000000000000e000000000000000, type: 0}
  m_DefaultReflectionMode: 0
  m_DefaultReflectionResolution: 128
  m_ReflectionBounces: 1
  m_ReflectionIntensity: 1
  m_CustomReflection: {fileID: 0}
  m_Sun: {fileID: 0}
  m_IndirectSpecularColor: {r: 0, g: 0, b: 0, a: 1}
  m_UseRadianceAmbientProbe: 0
--- !u!157 &3
LightmapSettings:
  m_ObjectHideFlags: 0
  serializedVersion: 11
  m_GIWorkflowMode: 1
  m_GISettings:
    serializedVersion: 2
    m_BounceScale: 1
    m_IndirectOutputScale: 1
    m_AlbedoBoost: 1
    m_EnvironmentLightingMode: 0
    m_EnableBakedLightmaps: 1
    m_EnableRealtimeLightmaps: 0
  m_LightmapEditorSettings:
    serializedVersion: 12
    m_Resolution: 2
    m_BakeResolution: 40
    m_AtlasSize: 512
    m_AO: 0
    m_AOMaxDistance: 1
    m_CompAOExponent: 1
    m_CompAOExponentDirect: 0
    m_ExtractAmbientOcclusion: 0
    m_Padding: 2
    m_LightmapParameters: {fileID: 0}
    m_LightmapsBakeMode: 1
    m_TextureCompression: 1
    m_FinalGather: 0
    m_FinalGatherFiltering: 1
    m_FinalGatherRayCount: 256
    m_ReflectionCompression: 2
    m_MixedBakeMode: 1
    m_BakeBackend: 2
    m_PVRSampling: 1
    m_PVRDirectSampleCount: 32
    m_PVRSampleCount: 512
    m_PVRBounces: 2
    m_PVREnvironmentSampleCount: 256
    m_PVREnvironmentReferencePointCount: 2048
    m_PVRFilteringMode: 1
    m_PVRDenoiserTypeDirect: 1
    m_PVRDenoiserTypeIndirect: 1
    m_PVRDenoiserTypeAO: 1
    m_PVRFilterTypeDirect: 0
    m_PVRFilterTypeIndirect: 0
    m_PVRFilterTypeAO: 0
    m_PVREnvironmentMIS: 1
    m_PVRCulling: 1
    m_PVRFilteringGaussRadiusDirect: 1
    m_PVRFilteringGaussRadiusIndirect: 5
    m_PVRFilteringGaussRadiusAO: 2
    m_PVRFilteringAtrousPositionSigmaDirect: 0.5
    m_PVRFilteringAtrousPositionSigmaIndirect: 2
    m_PVRFilteringAtrousPositionSigmaAO: 1
    m_ExportTrainingData: 0
    m_TrainingDataDestination: TrainingData
    m_LightProbeSampleCountMultiplier: 4
  m_LightingDataAsset: {fileID: 0}
  m_UseShadowmask: 0
--- !u!196 &4
NavMeshSettings:
  serializedVersion: 2
  m_ObjectHideFlags: 0
  m_BuildSettings:
    serializedVersion: 2
    agentTypeID: 0
    agentRadius: 0.5
    agentHeight: 2
    agentSlope: 45
    agentClimb: 0.4
    ledgeDropHeight: 0
    maxJumpAcrossDistance: 0
    minRegionArea: 2
    manualCellSize: 0
    cellSize: 0.16666667
    manualTileSize: 0
    tileSize: 256
    accuratePlacement: 0
    debug:
      m_Flags: 0
  m_NavMeshData: {fileID: 0}
--- !u!4 &68226049 stripped
Transform:
  m_CorrespondingSourceObject: {fileID: 5972605855141110688, guid: 2e422d3596fda384398d46d2ca1d165c,
    type: 3}
  m_PrefabInstance: {fileID: 1090745815}
  m_PrefabAsset: {fileID: 0}
--- !u!1 &171851758
GameObject:
  m_ObjectHideFlags: 0
  m_CorrespondingSourceObject: {fileID: 0}
  m_PrefabInstance: {fileID: 0}
  m_PrefabAsset: {fileID: 0}
  serializedVersion: 6
  m_Component:
  - component: {fileID: 171851759}
  m_Layer: 0
  m_Name: GameObject
  m_TagString: Doors
  m_Icon: {fileID: 0}
  m_NavMeshLayer: 0
  m_StaticEditorFlags: 0
  m_IsActive: 1
--- !u!4 &171851759
Transform:
  m_ObjectHideFlags: 0
  m_CorrespondingSourceObject: {fileID: 0}
  m_PrefabInstance: {fileID: 0}
  m_PrefabAsset: {fileID: 0}
  m_GameObject: {fileID: 171851758}
  m_LocalRotation: {x: 0, y: 0, z: 0, w: 1}
  m_LocalPosition: {x: 0, y: 0.6, z: -3.2}
  m_LocalScale: {x: 1, y: 1, z: 1}
  m_Children: []
  m_Father: {fileID: 1401705994}
  m_RootOrder: 0
  m_LocalEulerAnglesHint: {x: 0, y: 0, z: 0}
--- !u!1001 &204983203
PrefabInstance:
  m_ObjectHideFlags: 0
  serializedVersion: 2
  m_Modification:
    m_TransformParent: {fileID: 0}
    m_Modifications:
    - target: {fileID: 3067474917008207949, guid: 630575a74b6aac54d909d869bdb33b73,
        type: 3}
      propertyPath: m_Name
      value: Global Volume
      objectReference: {fileID: 0}
    - target: {fileID: 3067474917008207949, guid: 630575a74b6aac54d909d869bdb33b73,
        type: 3}
      propertyPath: m_IsActive
      value: 1
      objectReference: {fileID: 0}
    - target: {fileID: 3067474917008207949, guid: 630575a74b6aac54d909d869bdb33b73,
        type: 3}
      propertyPath: m_TagString
      value: GlobalControl
      objectReference: {fileID: 0}
    - target: {fileID: 3067474917008207951, guid: 630575a74b6aac54d909d869bdb33b73,
        type: 3}
      propertyPath: m_LocalPosition.x
      value: 48.565216
      objectReference: {fileID: 0}
    - target: {fileID: 3067474917008207951, guid: 630575a74b6aac54d909d869bdb33b73,
        type: 3}
      propertyPath: m_LocalPosition.y
      value: 6.741478
      objectReference: {fileID: 0}
    - target: {fileID: 3067474917008207951, guid: 630575a74b6aac54d909d869bdb33b73,
        type: 3}
      propertyPath: m_LocalPosition.z
      value: 80.52488
      objectReference: {fileID: 0}
    - target: {fileID: 3067474917008207951, guid: 630575a74b6aac54d909d869bdb33b73,
        type: 3}
      propertyPath: m_LocalRotation.x
      value: -0
      objectReference: {fileID: 0}
    - target: {fileID: 3067474917008207951, guid: 630575a74b6aac54d909d869bdb33b73,
        type: 3}
      propertyPath: m_LocalRotation.y
      value: -0
      objectReference: {fileID: 0}
    - target: {fileID: 3067474917008207951, guid: 630575a74b6aac54d909d869bdb33b73,
        type: 3}
      propertyPath: m_LocalRotation.z
      value: -0
      objectReference: {fileID: 0}
    - target: {fileID: 3067474917008207951, guid: 630575a74b6aac54d909d869bdb33b73,
        type: 3}
      propertyPath: m_LocalRotation.w
      value: 1
      objectReference: {fileID: 0}
    - target: {fileID: 3067474917008207951, guid: 630575a74b6aac54d909d869bdb33b73,
        type: 3}
      propertyPath: m_RootOrder
      value: 9
      objectReference: {fileID: 0}
    - target: {fileID: 3067474917008207951, guid: 630575a74b6aac54d909d869bdb33b73,
        type: 3}
      propertyPath: m_LocalEulerAnglesHint.x
      value: 0
      objectReference: {fileID: 0}
    - target: {fileID: 3067474917008207951, guid: 630575a74b6aac54d909d869bdb33b73,
        type: 3}
      propertyPath: m_LocalEulerAnglesHint.y
      value: 0
      objectReference: {fileID: 0}
    - target: {fileID: 3067474917008207951, guid: 630575a74b6aac54d909d869bdb33b73,
        type: 3}
      propertyPath: m_LocalEulerAnglesHint.z
      value: 0
      objectReference: {fileID: 0}
    m_RemovedComponents: []
  m_SourcePrefab: {fileID: 100100000, guid: 630575a74b6aac54d909d869bdb33b73, type: 3}
--- !u!1001 &230296936
PrefabInstance:
  m_ObjectHideFlags: 0
  serializedVersion: 2
  m_Modification:
    m_TransformParent: {fileID: 0}
    m_Modifications:
    - target: {fileID: 7363993392328664116, guid: e3e02ed232219ab4da7617fd6df2654e,
        type: 3}
      propertyPath: m_LocalPosition.x
      value: 439.375
      objectReference: {fileID: 0}
    - target: {fileID: 7363993392328664116, guid: e3e02ed232219ab4da7617fd6df2654e,
        type: 3}
      propertyPath: m_LocalPosition.y
      value: 283
      objectReference: {fileID: 0}
    - target: {fileID: 7363993392328664116, guid: e3e02ed232219ab4da7617fd6df2654e,
        type: 3}
      propertyPath: m_LocalPosition.z
      value: 0
      objectReference: {fileID: 0}
    - target: {fileID: 7363993392328664116, guid: e3e02ed232219ab4da7617fd6df2654e,
        type: 3}
      propertyPath: m_LocalRotation.x
      value: 0
      objectReference: {fileID: 0}
    - target: {fileID: 7363993392328664116, guid: e3e02ed232219ab4da7617fd6df2654e,
        type: 3}
      propertyPath: m_LocalRotation.y
      value: 0
      objectReference: {fileID: 0}
    - target: {fileID: 7363993392328664116, guid: e3e02ed232219ab4da7617fd6df2654e,
        type: 3}
      propertyPath: m_LocalRotation.z
      value: 0
      objectReference: {fileID: 0}
    - target: {fileID: 7363993392328664116, guid: e3e02ed232219ab4da7617fd6df2654e,
        type: 3}
      propertyPath: m_LocalRotation.w
      value: 1
      objectReference: {fileID: 0}
    - target: {fileID: 7363993392328664116, guid: e3e02ed232219ab4da7617fd6df2654e,
        type: 3}
      propertyPath: m_RootOrder
      value: 3
      objectReference: {fileID: 0}
    - target: {fileID: 7363993392328664116, guid: e3e02ed232219ab4da7617fd6df2654e,
        type: 3}
      propertyPath: m_LocalEulerAnglesHint.x
      value: 0
      objectReference: {fileID: 0}
    - target: {fileID: 7363993392328664116, guid: e3e02ed232219ab4da7617fd6df2654e,
        type: 3}
      propertyPath: m_LocalEulerAnglesHint.y
      value: 0
      objectReference: {fileID: 0}
    - target: {fileID: 7363993392328664116, guid: e3e02ed232219ab4da7617fd6df2654e,
        type: 3}
      propertyPath: m_LocalEulerAnglesHint.z
      value: 0
      objectReference: {fileID: 0}
    - target: {fileID: 7363993392328664118, guid: e3e02ed232219ab4da7617fd6df2654e,
        type: 3}
      propertyPath: m_Name
      value: LevelChanger
      objectReference: {fileID: 0}
    m_RemovedComponents: []
  m_SourcePrefab: {fileID: 100100000, guid: e3e02ed232219ab4da7617fd6df2654e, type: 3}
--- !u!114 &230296937 stripped
MonoBehaviour:
  m_CorrespondingSourceObject: {fileID: 7363993392328664117, guid: e3e02ed232219ab4da7617fd6df2654e,
    type: 3}
  m_PrefabInstance: {fileID: 230296936}
  m_PrefabAsset: {fileID: 0}
  m_GameObject: {fileID: 0}
  m_Enabled: 1
  m_EditorHideFlags: 0
  m_Script: {fileID: 11500000, guid: 8022ed4150bae5449b740bff7f6bd24e, type: 3}
  m_Name: 
  m_EditorClassIdentifier: 
--- !u!224 &230296938 stripped
RectTransform:
  m_CorrespondingSourceObject: {fileID: 8221671954039417468, guid: e3e02ed232219ab4da7617fd6df2654e,
    type: 3}
  m_PrefabInstance: {fileID: 230296936}
  m_PrefabAsset: {fileID: 0}
--- !u!1 &278599850
GameObject:
  m_ObjectHideFlags: 0
  m_CorrespondingSourceObject: {fileID: 0}
  m_PrefabInstance: {fileID: 0}
  m_PrefabAsset: {fileID: 0}
  serializedVersion: 6
  m_Component:
  - component: {fileID: 278599852}
  - component: {fileID: 278599851}
  m_Layer: 0
  m_Name: Directional Light
  m_TagString: Untagged
  m_Icon: {fileID: 0}
  m_NavMeshLayer: 0
  m_StaticEditorFlags: 0
  m_IsActive: 1
--- !u!108 &278599851
Light:
  m_ObjectHideFlags: 0
  m_CorrespondingSourceObject: {fileID: 0}
  m_PrefabInstance: {fileID: 0}
  m_PrefabAsset: {fileID: 0}
  m_GameObject: {fileID: 278599850}
  m_Enabled: 1
  serializedVersion: 10
  m_Type: 1
  m_Shape: 0
  m_Color: {r: 0.9716981, g: 0.92762136, b: 0.79294235, a: 1}
  m_Intensity: 1.2
  m_Range: 10
  m_SpotAngle: 30
  m_InnerSpotAngle: 21.80208
  m_CookieSize: 10
  m_Shadows:
    m_Type: 2
    m_Resolution: -1
    m_CustomResolution: -1
    m_Strength: 1
    m_Bias: 0.05
    m_NormalBias: 0.4
    m_NearPlane: 0.2
    m_CullingMatrixOverride:
      e00: 1
      e01: 0
      e02: 0
      e03: 0
      e10: 0
      e11: 1
      e12: 0
      e13: 0
      e20: 0
      e21: 0
      e22: 1
      e23: 0
      e30: 0
      e31: 0
      e32: 0
      e33: 1
    m_UseCullingMatrixOverride: 0
  m_Cookie: {fileID: 0}
  m_DrawHalo: 0
  m_Flare: {fileID: 0}
  m_RenderMode: 0
  m_CullingMask:
    serializedVersion: 2
    m_Bits: 4294967295
  m_RenderingLayerMask: 1
  m_Lightmapping: 4
  m_LightShadowCasterMode: 0
  m_AreaSize: {x: 1, y: 1}
  m_BounceIntensity: 1
  m_ColorTemperature: 6570
  m_UseColorTemperature: 0
  m_BoundingSphereOverride: {x: 0, y: 0, z: 0, w: 0}
  m_UseBoundingSphereOverride: 0
  m_ShadowRadius: 0
  m_ShadowAngle: 0
--- !u!4 &278599852
Transform:
  m_ObjectHideFlags: 0
  m_CorrespondingSourceObject: {fileID: 0}
  m_PrefabInstance: {fileID: 0}
  m_PrefabAsset: {fileID: 0}
  m_GameObject: {fileID: 278599850}
  m_LocalRotation: {x: 0.7071068, y: 0, z: 0, w: 0.7071068}
  m_LocalPosition: {x: -13.433142, y: 59.1, z: 34.2}
  m_LocalScale: {x: 1, y: 1, z: 1}
  m_Children: []
  m_Father: {fileID: 0}
  m_RootOrder: 11
  m_LocalEulerAnglesHint: {x: 90, y: 0, z: 0}
--- !u!1 &364830281
GameObject:
  m_ObjectHideFlags: 0
  m_CorrespondingSourceObject: {fileID: 0}
  m_PrefabInstance: {fileID: 0}
  m_PrefabAsset: {fileID: 0}
  serializedVersion: 6
  m_Component:
  - component: {fileID: 364830282}
  - component: {fileID: 364830284}
  - component: {fileID: 364830283}
  m_Layer: 5
  m_Name: "PartieSauvegard\xE9e"
  m_TagString: Untagged
  m_Icon: {fileID: 0}
  m_NavMeshLayer: 0
  m_StaticEditorFlags: 0
  m_IsActive: 0
--- !u!224 &364830282
RectTransform:
  m_ObjectHideFlags: 0
  m_CorrespondingSourceObject: {fileID: 0}
  m_PrefabInstance: {fileID: 0}
  m_PrefabAsset: {fileID: 0}
  m_GameObject: {fileID: 364830281}
  m_LocalRotation: {x: -0, y: -0, z: -0, w: 1}
  m_LocalPosition: {x: 0, y: 0, z: 0}
  m_LocalScale: {x: 0.9724999, y: 0.9724999, z: 0.9724999}
  m_Children: []
  m_Father: {fileID: 230296938}
  m_RootOrder: 1
  m_LocalEulerAnglesHint: {x: 0, y: 0, z: 0}
  m_AnchorMin: {x: 0.5, y: 0.5}
  m_AnchorMax: {x: 0.5, y: 0.5}
  m_AnchoredPosition: {x: -308.30002, y: 162.6}
  m_SizeDelta: {x: 160, y: 30}
  m_Pivot: {x: 0.5, y: 0.5}
--- !u!114 &364830283
MonoBehaviour:
  m_ObjectHideFlags: 0
  m_CorrespondingSourceObject: {fileID: 0}
  m_PrefabInstance: {fileID: 0}
  m_PrefabAsset: {fileID: 0}
  m_GameObject: {fileID: 364830281}
  m_Enabled: 1
  m_EditorHideFlags: 0
  m_Script: {fileID: 11500000, guid: 5f7201a12d95ffc409449d95f23cf332, type: 3}
  m_Name: 
  m_EditorClassIdentifier: 
  m_Material: {fileID: 0}
  m_Color: {r: 1, g: 1, b: 1, a: 1}
  m_RaycastTarget: 1
  m_Maskable: 1
  m_OnCullStateChanged:
    m_PersistentCalls:
      m_Calls: []
  m_FontData:
    m_Font: {fileID: 10102, guid: 0000000000000000e000000000000000, type: 0}
    m_FontSize: 14
    m_FontStyle: 0
    m_BestFit: 0
    m_MinSize: 10
    m_MaxSize: 40
    m_Alignment: 0
    m_AlignByGeometry: 0
    m_RichText: 1
    m_HorizontalOverflow: 0
    m_VerticalOverflow: 0
    m_LineSpacing: 1
  m_Text: "Partie Sauvegard\xE9e"
--- !u!222 &364830284
CanvasRenderer:
  m_ObjectHideFlags: 0
  m_CorrespondingSourceObject: {fileID: 0}
  m_PrefabInstance: {fileID: 0}
  m_PrefabAsset: {fileID: 0}
  m_GameObject: {fileID: 364830281}
  m_CullTransparentMesh: 0
--- !u!1 &378626105 stripped
GameObject:
  m_CorrespondingSourceObject: {fileID: 7363993392474681239, guid: e3e02ed232219ab4da7617fd6df2654e,
    type: 3}
  m_PrefabInstance: {fileID: 230296936}
  m_PrefabAsset: {fileID: 0}
--- !u!1 &412489948
GameObject:
  m_ObjectHideFlags: 0
  m_CorrespondingSourceObject: {fileID: 0}
  m_PrefabInstance: {fileID: 0}
  m_PrefabAsset: {fileID: 0}
  serializedVersion: 6
  m_Component:
  - component: {fileID: 412489951}
  - component: {fileID: 412489950}
  - component: {fileID: 412489949}
  m_Layer: 0
  m_Name: EventSystem
  m_TagString: Untagged
  m_Icon: {fileID: 0}
  m_NavMeshLayer: 0
  m_StaticEditorFlags: 0
  m_IsActive: 1
--- !u!114 &412489949
MonoBehaviour:
  m_ObjectHideFlags: 0
  m_CorrespondingSourceObject: {fileID: 0}
  m_PrefabInstance: {fileID: 0}
  m_PrefabAsset: {fileID: 0}
  m_GameObject: {fileID: 412489948}
  m_Enabled: 1
  m_EditorHideFlags: 0
  m_Script: {fileID: 11500000, guid: 4f231c4fb786f3946a6b90b886c48677, type: 3}
  m_Name: 
  m_EditorClassIdentifier: 
  m_HorizontalAxis: Horizontal
  m_VerticalAxis: Vertical
  m_SubmitButton: Submit
  m_CancelButton: Cancel
  m_InputActionsPerSecond: 10
  m_RepeatDelay: 0.5
  m_ForceModuleActive: 0
--- !u!114 &412489950
MonoBehaviour:
  m_ObjectHideFlags: 0
  m_CorrespondingSourceObject: {fileID: 0}
  m_PrefabInstance: {fileID: 0}
  m_PrefabAsset: {fileID: 0}
  m_GameObject: {fileID: 412489948}
  m_Enabled: 1
  m_EditorHideFlags: 0
  m_Script: {fileID: 11500000, guid: 76c392e42b5098c458856cdf6ecaaaa1, type: 3}
  m_Name: 
  m_EditorClassIdentifier: 
  m_FirstSelected: {fileID: 0}
  m_sendNavigationEvents: 1
  m_DragThreshold: 10
--- !u!4 &412489951
Transform:
  m_ObjectHideFlags: 0
  m_CorrespondingSourceObject: {fileID: 0}
  m_PrefabInstance: {fileID: 0}
  m_PrefabAsset: {fileID: 0}
  m_GameObject: {fileID: 412489948}
  m_LocalRotation: {x: 0, y: 0, z: 0, w: 1}
  m_LocalPosition: {x: 0, y: 0, z: 0}
  m_LocalScale: {x: 1, y: 1, z: 1}
  m_Children: []
  m_Father: {fileID: 0}
  m_RootOrder: 15
  m_LocalEulerAnglesHint: {x: 0, y: 0, z: 0}
--- !u!1001 &484846252
PrefabInstance:
  m_ObjectHideFlags: 0
  serializedVersion: 2
  m_Modification:
    m_TransformParent: {fileID: 0}
    m_Modifications:
    - target: {fileID: 2726462715976788189, guid: 1d1753e4e5266614ba310b3ef80d78bf,
        type: 3}
      propertyPath: m_LocalPosition.x
      value: 23.349983
      objectReference: {fileID: 0}
    - target: {fileID: 2726462715976788189, guid: 1d1753e4e5266614ba310b3ef80d78bf,
        type: 3}
      propertyPath: m_LocalPosition.y
      value: -5.828272
      objectReference: {fileID: 0}
    - target: {fileID: 2726462715976788189, guid: 1d1753e4e5266614ba310b3ef80d78bf,
        type: 3}
      propertyPath: m_LocalPosition.z
      value: 5.0119123
      objectReference: {fileID: 0}
    - target: {fileID: 2726462715976788189, guid: 1d1753e4e5266614ba310b3ef80d78bf,
        type: 3}
      propertyPath: m_LocalRotation.x
      value: 0
      objectReference: {fileID: 0}
    - target: {fileID: 2726462715976788189, guid: 1d1753e4e5266614ba310b3ef80d78bf,
        type: 3}
      propertyPath: m_LocalRotation.y
      value: 0
      objectReference: {fileID: 0}
    - target: {fileID: 2726462715976788189, guid: 1d1753e4e5266614ba310b3ef80d78bf,
        type: 3}
      propertyPath: m_LocalRotation.z
      value: 0
      objectReference: {fileID: 0}
    - target: {fileID: 2726462715976788189, guid: 1d1753e4e5266614ba310b3ef80d78bf,
        type: 3}
      propertyPath: m_LocalRotation.w
      value: 1
      objectReference: {fileID: 0}
    - target: {fileID: 2726462715976788189, guid: 1d1753e4e5266614ba310b3ef80d78bf,
        type: 3}
      propertyPath: m_RootOrder
      value: 10
      objectReference: {fileID: 0}
    - target: {fileID: 2726462715976788189, guid: 1d1753e4e5266614ba310b3ef80d78bf,
        type: 3}
      propertyPath: m_LocalEulerAnglesHint.x
      value: 0
      objectReference: {fileID: 0}
    - target: {fileID: 2726462715976788189, guid: 1d1753e4e5266614ba310b3ef80d78bf,
        type: 3}
      propertyPath: m_LocalEulerAnglesHint.y
      value: 0
      objectReference: {fileID: 0}
    - target: {fileID: 2726462715976788189, guid: 1d1753e4e5266614ba310b3ef80d78bf,
        type: 3}
      propertyPath: m_LocalEulerAnglesHint.z
      value: 0
      objectReference: {fileID: 0}
    - target: {fileID: 2726462715976788191, guid: 1d1753e4e5266614ba310b3ef80d78bf,
        type: 3}
      propertyPath: m_Name
      value: GameManager
      objectReference: {fileID: 0}
    m_RemovedComponents: []
  m_SourcePrefab: {fileID: 100100000, guid: 1d1753e4e5266614ba310b3ef80d78bf, type: 3}
--- !u!1 &508980260 stripped
GameObject:
  m_CorrespondingSourceObject: {fileID: 7363993390719257057, guid: e3e02ed232219ab4da7617fd6df2654e,
    type: 3}
  m_PrefabInstance: {fileID: 230296936}
  m_PrefabAsset: {fileID: 0}
--- !u!1 &553754634 stripped
GameObject:
  m_CorrespondingSourceObject: {fileID: 7363993392661535549, guid: e3e02ed232219ab4da7617fd6df2654e,
    type: 3}
  m_PrefabInstance: {fileID: 230296936}
  m_PrefabAsset: {fileID: 0}
--- !u!1001 &555484170
PrefabInstance:
  m_ObjectHideFlags: 0
  serializedVersion: 2
  m_Modification:
    m_TransformParent: {fileID: 0}
    m_Modifications:
    - target: {fileID: 51547345, guid: 1ba2eeb8fe1f51d4890477497a2d8f41, type: 3}
      propertyPath: m_IsTrigger
      value: 1
      objectReference: {fileID: 0}
    - target: {fileID: 914176521, guid: 1ba2eeb8fe1f51d4890477497a2d8f41, type: 3}
      propertyPath: uiObject
      value: 
      objectReference: {fileID: 789322506}
    - target: {fileID: 914176521, guid: 1ba2eeb8fe1f51d4890477497a2d8f41, type: 3}
      propertyPath: saveSuccess
      value: 
      objectReference: {fileID: 364830281}
    - target: {fileID: 6327436042621664700, guid: 1ba2eeb8fe1f51d4890477497a2d8f41,
        type: 3}
      propertyPath: m_LocalPosition.x
      value: -19.16
      objectReference: {fileID: 0}
    - target: {fileID: 6327436042621664700, guid: 1ba2eeb8fe1f51d4890477497a2d8f41,
        type: 3}
      propertyPath: m_LocalPosition.y
      value: 35.81
      objectReference: {fileID: 0}
    - target: {fileID: 6327436042621664700, guid: 1ba2eeb8fe1f51d4890477497a2d8f41,
        type: 3}
      propertyPath: m_LocalPosition.z
      value: -0.47
      objectReference: {fileID: 0}
    - target: {fileID: 6327436042621664700, guid: 1ba2eeb8fe1f51d4890477497a2d8f41,
        type: 3}
      propertyPath: m_LocalRotation.x
      value: 0
      objectReference: {fileID: 0}
    - target: {fileID: 6327436042621664700, guid: 1ba2eeb8fe1f51d4890477497a2d8f41,
        type: 3}
      propertyPath: m_LocalRotation.y
      value: 0
      objectReference: {fileID: 0}
    - target: {fileID: 6327436042621664700, guid: 1ba2eeb8fe1f51d4890477497a2d8f41,
        type: 3}
      propertyPath: m_LocalRotation.z
      value: 0
      objectReference: {fileID: 0}
    - target: {fileID: 6327436042621664700, guid: 1ba2eeb8fe1f51d4890477497a2d8f41,
        type: 3}
      propertyPath: m_LocalRotation.w
      value: 1
      objectReference: {fileID: 0}
    - target: {fileID: 6327436042621664700, guid: 1ba2eeb8fe1f51d4890477497a2d8f41,
        type: 3}
      propertyPath: m_RootOrder
      value: 5
      objectReference: {fileID: 0}
    - target: {fileID: 6327436042621664700, guid: 1ba2eeb8fe1f51d4890477497a2d8f41,
        type: 3}
      propertyPath: m_LocalEulerAnglesHint.x
      value: 0
      objectReference: {fileID: 0}
    - target: {fileID: 6327436042621664700, guid: 1ba2eeb8fe1f51d4890477497a2d8f41,
        type: 3}
      propertyPath: m_LocalEulerAnglesHint.y
      value: 0
      objectReference: {fileID: 0}
    - target: {fileID: 6327436042621664700, guid: 1ba2eeb8fe1f51d4890477497a2d8f41,
        type: 3}
      propertyPath: m_LocalEulerAnglesHint.z
      value: 0
      objectReference: {fileID: 0}
    - target: {fileID: 6330925793950811354, guid: 1ba2eeb8fe1f51d4890477497a2d8f41,
        type: 3}
      propertyPath: m_Name
      value: FX_LightRayRound Variant
      objectReference: {fileID: 0}
    m_RemovedComponents:
    - {fileID: 51547345, guid: 1ba2eeb8fe1f51d4890477497a2d8f41, type: 3}
  m_SourcePrefab: {fileID: 100100000, guid: 1ba2eeb8fe1f51d4890477497a2d8f41, type: 3}
--- !u!1001 &565535039
PrefabInstance:
  m_ObjectHideFlags: 0
  serializedVersion: 2
  m_Modification:
    m_TransformParent: {fileID: 0}
    m_Modifications:
    - target: {fileID: 3579031013831998350, guid: ce2ef175327e7b24ab95fd55a821e1ef,
        type: 3}
      propertyPath: m_Name
      value: FallCollider
      objectReference: {fileID: 0}
    - target: {fileID: 3579031013831998449, guid: ce2ef175327e7b24ab95fd55a821e1ef,
        type: 3}
      propertyPath: animator
      value: 
      objectReference: {fileID: 1127569043}
    - target: {fileID: 3579031013831998450, guid: ce2ef175327e7b24ab95fd55a821e1ef,
        type: 3}
      propertyPath: m_LocalPosition.x
      value: 24.5
      objectReference: {fileID: 0}
    - target: {fileID: 3579031013831998450, guid: ce2ef175327e7b24ab95fd55a821e1ef,
        type: 3}
      propertyPath: m_LocalPosition.y
      value: 20.906
      objectReference: {fileID: 0}
    - target: {fileID: 3579031013831998450, guid: ce2ef175327e7b24ab95fd55a821e1ef,
        type: 3}
      propertyPath: m_LocalPosition.z
      value: -11.6
      objectReference: {fileID: 0}
    - target: {fileID: 3579031013831998450, guid: ce2ef175327e7b24ab95fd55a821e1ef,
        type: 3}
      propertyPath: m_LocalRotation.x
      value: 0
      objectReference: {fileID: 0}
    - target: {fileID: 3579031013831998450, guid: ce2ef175327e7b24ab95fd55a821e1ef,
        type: 3}
      propertyPath: m_LocalRotation.y
      value: 0
      objectReference: {fileID: 0}
    - target: {fileID: 3579031013831998450, guid: ce2ef175327e7b24ab95fd55a821e1ef,
        type: 3}
      propertyPath: m_LocalRotation.z
      value: 0
      objectReference: {fileID: 0}
    - target: {fileID: 3579031013831998450, guid: ce2ef175327e7b24ab95fd55a821e1ef,
        type: 3}
      propertyPath: m_LocalRotation.w
      value: 1
      objectReference: {fileID: 0}
    - target: {fileID: 3579031013831998450, guid: ce2ef175327e7b24ab95fd55a821e1ef,
        type: 3}
      propertyPath: m_RootOrder
      value: 8
      objectReference: {fileID: 0}
    - target: {fileID: 3579031013831998450, guid: ce2ef175327e7b24ab95fd55a821e1ef,
        type: 3}
      propertyPath: m_LocalEulerAnglesHint.x
      value: 0
      objectReference: {fileID: 0}
    - target: {fileID: 3579031013831998450, guid: ce2ef175327e7b24ab95fd55a821e1ef,
        type: 3}
      propertyPath: m_LocalEulerAnglesHint.y
      value: 0
      objectReference: {fileID: 0}
    - target: {fileID: 3579031013831998450, guid: ce2ef175327e7b24ab95fd55a821e1ef,
        type: 3}
      propertyPath: m_LocalEulerAnglesHint.z
      value: 0
      objectReference: {fileID: 0}
    m_RemovedComponents: []
  m_SourcePrefab: {fileID: 100100000, guid: ce2ef175327e7b24ab95fd55a821e1ef, type: 3}
--- !u!1 &601624182
GameObject:
  m_ObjectHideFlags: 0
  m_CorrespondingSourceObject: {fileID: 0}
  m_PrefabInstance: {fileID: 0}
  m_PrefabAsset: {fileID: 0}
  serializedVersion: 6
  m_Component:
  - component: {fileID: 601624186}
  - component: {fileID: 601624185}
  - component: {fileID: 601624184}
  - component: {fileID: 601624183}
  - component: {fileID: 601624187}
  m_Layer: 0
  m_Name: ColliderLevel_07_04
  m_TagString: Untagged
  m_Icon: {fileID: 0}
  m_NavMeshLayer: 0
  m_StaticEditorFlags: 0
  m_IsActive: 0
--- !u!65 &601624183
BoxCollider:
  m_ObjectHideFlags: 0
  m_CorrespondingSourceObject: {fileID: 0}
  m_PrefabInstance: {fileID: 0}
  m_PrefabAsset: {fileID: 0}
  m_GameObject: {fileID: 601624182}
  m_Material: {fileID: 0}
  m_IsTrigger: 1
  m_Enabled: 1
  serializedVersion: 2
  m_Size: {x: 6.69, y: 4.59, z: 1}
  m_Center: {x: 0, y: 0, z: 0}
--- !u!23 &601624184
MeshRenderer:
  m_ObjectHideFlags: 0
  m_CorrespondingSourceObject: {fileID: 0}
  m_PrefabInstance: {fileID: 0}
  m_PrefabAsset: {fileID: 0}
  m_GameObject: {fileID: 601624182}
  m_Enabled: 0
  m_CastShadows: 1
  m_ReceiveShadows: 1
  m_DynamicOccludee: 1
  m_MotionVectors: 1
  m_LightProbeUsage: 1
  m_ReflectionProbeUsage: 1
  m_RayTracingMode: 2
  m_RenderingLayerMask: 1
  m_RendererPriority: 0
  m_Materials:
  - {fileID: 2100000, guid: 31321ba15b8f8eb4c954353edc038b1d, type: 2}
  m_StaticBatchInfo:
    firstSubMesh: 0
    subMeshCount: 0
  m_StaticBatchRoot: {fileID: 0}
  m_ProbeAnchor: {fileID: 0}
  m_LightProbeVolumeOverride: {fileID: 0}
  m_ScaleInLightmap: 1
  m_ReceiveGI: 1
  m_PreserveUVs: 0
  m_IgnoreNormalsForChartDetection: 0
  m_ImportantGI: 0
  m_StitchLightmapSeams: 1
  m_SelectedEditorRenderState: 3
  m_MinimumChartSize: 4
  m_AutoUVMaxDistance: 0.5
  m_AutoUVMaxAngle: 89
  m_LightmapParameters: {fileID: 0}
  m_SortingLayerID: 0
  m_SortingLayer: 0
  m_SortingOrder: 0
--- !u!33 &601624185
MeshFilter:
  m_ObjectHideFlags: 0
  m_CorrespondingSourceObject: {fileID: 0}
  m_PrefabInstance: {fileID: 0}
  m_PrefabAsset: {fileID: 0}
  m_GameObject: {fileID: 601624182}
  m_Mesh: {fileID: 10202, guid: 0000000000000000e000000000000000, type: 0}
--- !u!4 &601624186
Transform:
  m_ObjectHideFlags: 0
  m_CorrespondingSourceObject: {fileID: 0}
  m_PrefabInstance: {fileID: 0}
  m_PrefabAsset: {fileID: 0}
  m_GameObject: {fileID: 601624182}
  m_LocalRotation: {x: 0, y: 0, z: 0, w: 1}
  m_LocalPosition: {x: -19.11, y: 33.85, z: -19.55}
  m_LocalScale: {x: 1, y: 1, z: 1}
  m_Children:
  - {fileID: 1303507813}
  m_Father: {fileID: 0}
  m_RootOrder: 12
  m_LocalEulerAnglesHint: {x: 0, y: 0, z: 0}
--- !u!114 &601624187
MonoBehaviour:
  m_ObjectHideFlags: 0
  m_CorrespondingSourceObject: {fileID: 0}
  m_PrefabInstance: {fileID: 0}
  m_PrefabAsset: {fileID: 0}
  m_GameObject: {fileID: 601624182}
  m_Enabled: 1
  m_EditorHideFlags: 0
  m_Script: {fileID: 11500000, guid: 7c0809ebc1a73f04cb04ccb6c005309a, type: 3}
  m_Name: 
  m_EditorClassIdentifier: 
  fadeIn_Out: {fileID: 230296937}
  sceneNumberToGo: 4
  thereIsConditions: 0
--- !u!1 &646482861
GameObject:
  m_ObjectHideFlags: 0
  m_CorrespondingSourceObject: {fileID: 0}
  m_PrefabInstance: {fileID: 0}
  m_PrefabAsset: {fileID: 0}
  serializedVersion: 6
  m_Component:
  - component: {fileID: 646482863}
  - component: {fileID: 646482862}
  m_Layer: 0
  m_Name: Spot Light
  m_TagString: Untagged
  m_Icon: {fileID: 0}
  m_NavMeshLayer: 0
  m_StaticEditorFlags: 0
  m_IsActive: 1
--- !u!108 &646482862
Light:
  m_ObjectHideFlags: 0
  m_CorrespondingSourceObject: {fileID: 0}
  m_PrefabInstance: {fileID: 0}
  m_PrefabAsset: {fileID: 0}
  m_GameObject: {fileID: 646482861}
  m_Enabled: 1
  serializedVersion: 10
  m_Type: 0
  m_Shape: 0
  m_Color: {r: 1, g: 1, b: 1, a: 1}
  m_Intensity: 50
  m_Range: 48.95
  m_SpotAngle: 70.10933
  m_InnerSpotAngle: 0
  m_CookieSize: 10
  m_Shadows:
    m_Type: 2
    m_Resolution: -1
    m_CustomResolution: -1
    m_Strength: 1
    m_Bias: 0.05
    m_NormalBias: 0.4
    m_NearPlane: 0.2
    m_CullingMatrixOverride:
      e00: 1
      e01: 0
      e02: 0
      e03: 0
      e10: 0
      e11: 1
      e12: 0
      e13: 0
      e20: 0
      e21: 0
      e22: 1
      e23: 0
      e30: 0
      e31: 0
      e32: 0
      e33: 1
    m_UseCullingMatrixOverride: 0
  m_Cookie: {fileID: 0}
  m_DrawHalo: 0
  m_Flare: {fileID: 0}
  m_RenderMode: 0
  m_CullingMask:
    serializedVersion: 2
    m_Bits: 4294967295
  m_RenderingLayerMask: 1
  m_Lightmapping: 2
  m_LightShadowCasterMode: 0
  m_AreaSize: {x: 1, y: 1}
  m_BounceIntensity: 1
  m_ColorTemperature: 6570
  m_UseColorTemperature: 0
  m_BoundingSphereOverride: {x: 9.35e-43, y: -4.3432542e+23, z: 9.35e-43, w: 10.4}
  m_UseBoundingSphereOverride: 0
  m_ShadowRadius: 0
  m_ShadowAngle: 0
--- !u!4 &646482863
Transform:
  m_ObjectHideFlags: 0
  m_CorrespondingSourceObject: {fileID: 0}
  m_PrefabInstance: {fileID: 0}
  m_PrefabAsset: {fileID: 0}
  m_GameObject: {fileID: 646482861}
  m_LocalRotation: {x: 0.7071068, y: 0, z: 0, w: 0.7071068}
  m_LocalPosition: {x: -19.038635, y: 74.71, z: 5.6}
  m_LocalScale: {x: 1, y: 1, z: 1}
  m_Children: []
  m_Father: {fileID: 0}
  m_RootOrder: 13
  m_LocalEulerAnglesHint: {x: 90, y: 0, z: 0}
--- !u!1 &789322506
GameObject:
  m_ObjectHideFlags: 0
  m_CorrespondingSourceObject: {fileID: 0}
  m_PrefabInstance: {fileID: 0}
  m_PrefabAsset: {fileID: 0}
  serializedVersion: 6
  m_Component:
  - component: {fileID: 789322507}
  - component: {fileID: 789322509}
  - component: {fileID: 789322508}
  m_Layer: 5
  m_Name: SaveText
  m_TagString: Untagged
  m_Icon: {fileID: 0}
  m_NavMeshLayer: 0
  m_StaticEditorFlags: 0
  m_IsActive: 0
--- !u!224 &789322507
RectTransform:
  m_ObjectHideFlags: 0
  m_CorrespondingSourceObject: {fileID: 0}
  m_PrefabInstance: {fileID: 0}
  m_PrefabAsset: {fileID: 0}
  m_GameObject: {fileID: 789322506}
  m_LocalRotation: {x: -0, y: -0, z: -0, w: 1}
  m_LocalPosition: {x: 0, y: 0, z: 0}
  m_LocalScale: {x: 0.9724999, y: 0.9724999, z: 0.9724999}
  m_Children: []
  m_Father: {fileID: 230296938}
  m_RootOrder: 0
  m_LocalEulerAnglesHint: {x: 0, y: 0, z: 0}
  m_AnchorMin: {x: 0.5, y: 0.5}
  m_AnchorMax: {x: 0.5, y: 0.5}
  m_AnchoredPosition: {x: -289.00003, y: 178.9}
  m_SizeDelta: {x: 246.3, y: 30}
  m_Pivot: {x: 0.5, y: 0.5}
--- !u!114 &789322508
MonoBehaviour:
  m_ObjectHideFlags: 0
  m_CorrespondingSourceObject: {fileID: 0}
  m_PrefabInstance: {fileID: 0}
  m_PrefabAsset: {fileID: 0}
  m_GameObject: {fileID: 789322506}
  m_Enabled: 1
  m_EditorHideFlags: 0
  m_Script: {fileID: 11500000, guid: 5f7201a12d95ffc409449d95f23cf332, type: 3}
  m_Name: 
  m_EditorClassIdentifier: 
  m_Material: {fileID: 0}
  m_Color: {r: 1, g: 1, b: 1, a: 1}
  m_RaycastTarget: 1
  m_Maskable: 1
  m_OnCullStateChanged:
    m_PersistentCalls:
      m_Calls: []
  m_FontData:
    m_Font: {fileID: 10102, guid: 0000000000000000e000000000000000, type: 0}
    m_FontSize: 14
    m_FontStyle: 0
    m_BestFit: 0
    m_MinSize: 10
    m_MaxSize: 40
    m_Alignment: 1
    m_AlignByGeometry: 0
    m_RichText: 1
    m_HorizontalOverflow: 0
    m_VerticalOverflow: 0
    m_LineSpacing: 1
  m_Text: Appuyer sur E pour sauvegarder !
--- !u!222 &789322509
CanvasRenderer:
  m_ObjectHideFlags: 0
  m_CorrespondingSourceObject: {fileID: 0}
  m_PrefabInstance: {fileID: 0}
  m_PrefabAsset: {fileID: 0}
  m_GameObject: {fileID: 789322506}
  m_CullTransparentMesh: 0
--- !u!1 &1021875258 stripped
GameObject:
  m_CorrespondingSourceObject: {fileID: 7363993391292182764, guid: e3e02ed232219ab4da7617fd6df2654e,
    type: 3}
  m_PrefabInstance: {fileID: 230296936}
  m_PrefabAsset: {fileID: 0}
--- !u!1001 &1090745815
PrefabInstance:
  m_ObjectHideFlags: 0
  serializedVersion: 2
  m_Modification:
    m_TransformParent: {fileID: 0}
    m_Modifications:
    - target: {fileID: 3689984900026706576, guid: 2e422d3596fda384398d46d2ca1d165c,
        type: 3}
      propertyPath: _speed
      value: 7.5
      objectReference: {fileID: 0}
    - target: {fileID: 5972605855141110688, guid: 2e422d3596fda384398d46d2ca1d165c,
        type: 3}
      propertyPath: m_LocalPosition.x
      value: -33.53
      objectReference: {fileID: 0}
    - target: {fileID: 5972605855141110688, guid: 2e422d3596fda384398d46d2ca1d165c,
        type: 3}
      propertyPath: m_LocalPosition.y
      value: 33.6
      objectReference: {fileID: 0}
    - target: {fileID: 5972605855141110688, guid: 2e422d3596fda384398d46d2ca1d165c,
        type: 3}
      propertyPath: m_LocalPosition.z
      value: -3.35
      objectReference: {fileID: 0}
    - target: {fileID: 5972605855141110688, guid: 2e422d3596fda384398d46d2ca1d165c,
        type: 3}
      propertyPath: m_LocalRotation.x
      value: 0
      objectReference: {fileID: 0}
    - target: {fileID: 5972605855141110688, guid: 2e422d3596fda384398d46d2ca1d165c,
        type: 3}
      propertyPath: m_LocalRotation.y
      value: 0.7071068
      objectReference: {fileID: 0}
    - target: {fileID: 5972605855141110688, guid: 2e422d3596fda384398d46d2ca1d165c,
        type: 3}
      propertyPath: m_LocalRotation.z
      value: 0
      objectReference: {fileID: 0}
    - target: {fileID: 5972605855141110688, guid: 2e422d3596fda384398d46d2ca1d165c,
        type: 3}
      propertyPath: m_LocalRotation.w
      value: 0.7071068
      objectReference: {fileID: 0}
    - target: {fileID: 5972605855141110688, guid: 2e422d3596fda384398d46d2ca1d165c,
        type: 3}
      propertyPath: m_RootOrder
      value: 6
      objectReference: {fileID: 0}
    - target: {fileID: 5972605855141110688, guid: 2e422d3596fda384398d46d2ca1d165c,
        type: 3}
      propertyPath: m_LocalEulerAnglesHint.x
      value: 0
      objectReference: {fileID: 0}
    - target: {fileID: 5972605855141110688, guid: 2e422d3596fda384398d46d2ca1d165c,
        type: 3}
      propertyPath: m_LocalEulerAnglesHint.y
      value: 90
      objectReference: {fileID: 0}
    - target: {fileID: 5972605855141110688, guid: 2e422d3596fda384398d46d2ca1d165c,
        type: 3}
      propertyPath: m_LocalEulerAnglesHint.z
      value: 0
      objectReference: {fileID: 0}
    - target: {fileID: 5972605855141110688, guid: 2e422d3596fda384398d46d2ca1d165c,
        type: 3}
      propertyPath: m_LocalScale.x
      value: 1
      objectReference: {fileID: 0}
    - target: {fileID: 5972605855141110688, guid: 2e422d3596fda384398d46d2ca1d165c,
        type: 3}
      propertyPath: m_LocalScale.y
      value: 1
      objectReference: {fileID: 0}
    - target: {fileID: 5972605855141110688, guid: 2e422d3596fda384398d46d2ca1d165c,
        type: 3}
      propertyPath: m_LocalScale.z
      value: 1
      objectReference: {fileID: 0}
    - target: {fileID: 5972605855141110690, guid: 2e422d3596fda384398d46d2ca1d165c,
        type: 3}
      propertyPath: batteryImages.Array.data[0]
      value: 
      objectReference: {fileID: 2122015917}
    - target: {fileID: 5972605855141110690, guid: 2e422d3596fda384398d46d2ca1d165c,
        type: 3}
      propertyPath: batteryImages.Array.data[1]
      value: 
      objectReference: {fileID: 378626105}
    - target: {fileID: 5972605855141110690, guid: 2e422d3596fda384398d46d2ca1d165c,
        type: 3}
      propertyPath: batteryImages.Array.data[2]
      value: 
      objectReference: {fileID: 1257150901}
    - target: {fileID: 5972605855141110690, guid: 2e422d3596fda384398d46d2ca1d165c,
        type: 3}
      propertyPath: batteryImages.Array.data[3]
      value: 
      objectReference: {fileID: 1638445708}
    - target: {fileID: 5972605855141110690, guid: 2e422d3596fda384398d46d2ca1d165c,
        type: 3}
      propertyPath: batteryImages.Array.data[4]
      value: 
      objectReference: {fileID: 508980260}
    - target: {fileID: 5972605855141110690, guid: 2e422d3596fda384398d46d2ca1d165c,
        type: 3}
      propertyPath: batteryImages.Array.data[5]
      value: 
      objectReference: {fileID: 1779944485}
    - target: {fileID: 5972605855141110690, guid: 2e422d3596fda384398d46d2ca1d165c,
        type: 3}
      propertyPath: batteryImages.Array.data[6]
      value: 
      objectReference: {fileID: 1021875258}
    - target: {fileID: 5972605855141110690, guid: 2e422d3596fda384398d46d2ca1d165c,
        type: 3}
      propertyPath: batteryImages.Array.data[7]
      value: 
      objectReference: {fileID: 1596959190}
    - target: {fileID: 5972605855141110690, guid: 2e422d3596fda384398d46d2ca1d165c,
        type: 3}
      propertyPath: batteryImages.Array.data[8]
      value: 
      objectReference: {fileID: 553754634}
    - target: {fileID: 5972605855141110690, guid: 2e422d3596fda384398d46d2ca1d165c,
        type: 3}
      propertyPath: batteryImages.Array.data[9]
      value: 
      objectReference: {fileID: 1635647614}
    - target: {fileID: 5972605855141110690, guid: 2e422d3596fda384398d46d2ca1d165c,
        type: 3}
      propertyPath: animator
      value: 
      objectReference: {fileID: 1127569043}
    - target: {fileID: 5972605855141110691, guid: 2e422d3596fda384398d46d2ca1d165c,
        type: 3}
      propertyPath: m_Name
      value: ECM_Character_TestPr02 Variant
      objectReference: {fileID: 0}
    m_RemovedComponents: []
  m_SourcePrefab: {fileID: 100100000, guid: 2e422d3596fda384398d46d2ca1d165c, type: 3}
--- !u!95 &1127569043 stripped
Animator:
  m_CorrespondingSourceObject: {fileID: 7363993392328664119, guid: e3e02ed232219ab4da7617fd6df2654e,
    type: 3}
  m_PrefabInstance: {fileID: 230296936}
  m_PrefabAsset: {fileID: 0}
--- !u!1 &1257150901 stripped
GameObject:
  m_CorrespondingSourceObject: {fileID: 7363993391645246521, guid: e3e02ed232219ab4da7617fd6df2654e,
    type: 3}
  m_PrefabInstance: {fileID: 230296936}
  m_PrefabAsset: {fileID: 0}
--- !u!1001 &1272158834
PrefabInstance:
  m_ObjectHideFlags: 0
  serializedVersion: 2
  m_Modification:
    m_TransformParent: {fileID: 0}
    m_Modifications:
    - target: {fileID: 1158355284720704, guid: 77052a38eca9316419b8128b0c9dae19, type: 3}
      propertyPath: m_Name
      value: SM_Prop_StripClub_Steps_01
      objectReference: {fileID: 0}
    - target: {fileID: 4497573138063894, guid: 77052a38eca9316419b8128b0c9dae19, type: 3}
      propertyPath: m_LocalPosition.x
      value: -22.3
      objectReference: {fileID: 0}
    - target: {fileID: 4497573138063894, guid: 77052a38eca9316419b8128b0c9dae19, type: 3}
      propertyPath: m_LocalPosition.y
      value: 30.17
      objectReference: {fileID: 0}
    - target: {fileID: 4497573138063894, guid: 77052a38eca9316419b8128b0c9dae19, type: 3}
      propertyPath: m_LocalPosition.z
      value: -0.18162143
      objectReference: {fileID: 0}
    - target: {fileID: 4497573138063894, guid: 77052a38eca9316419b8128b0c9dae19, type: 3}
      propertyPath: m_LocalRotation.x
      value: 0
      objectReference: {fileID: 0}
    - target: {fileID: 4497573138063894, guid: 77052a38eca9316419b8128b0c9dae19, type: 3}
      propertyPath: m_LocalRotation.y
      value: -0.7071068
      objectReference: {fileID: 0}
    - target: {fileID: 4497573138063894, guid: 77052a38eca9316419b8128b0c9dae19, type: 3}
      propertyPath: m_LocalRotation.z
      value: 0
      objectReference: {fileID: 0}
    - target: {fileID: 4497573138063894, guid: 77052a38eca9316419b8128b0c9dae19, type: 3}
      propertyPath: m_LocalRotation.w
      value: 0.7071068
      objectReference: {fileID: 0}
    - target: {fileID: 4497573138063894, guid: 77052a38eca9316419b8128b0c9dae19, type: 3}
      propertyPath: m_RootOrder
      value: 2
      objectReference: {fileID: 0}
    - target: {fileID: 4497573138063894, guid: 77052a38eca9316419b8128b0c9dae19, type: 3}
      propertyPath: m_LocalEulerAnglesHint.x
      value: 0
      objectReference: {fileID: 0}
    - target: {fileID: 4497573138063894, guid: 77052a38eca9316419b8128b0c9dae19, type: 3}
      propertyPath: m_LocalEulerAnglesHint.y
      value: -90
      objectReference: {fileID: 0}
    - target: {fileID: 4497573138063894, guid: 77052a38eca9316419b8128b0c9dae19, type: 3}
      propertyPath: m_LocalEulerAnglesHint.z
      value: 0
      objectReference: {fileID: 0}
    - target: {fileID: 4497573138063894, guid: 77052a38eca9316419b8128b0c9dae19, type: 3}
      propertyPath: m_LocalScale.x
      value: 2.3022
      objectReference: {fileID: 0}
    - target: {fileID: 4497573138063894, guid: 77052a38eca9316419b8128b0c9dae19, type: 3}
      propertyPath: m_LocalScale.y
      value: 2.3022
      objectReference: {fileID: 0}
    - target: {fileID: 4497573138063894, guid: 77052a38eca9316419b8128b0c9dae19, type: 3}
      propertyPath: m_LocalScale.z
      value: 2.3022
      objectReference: {fileID: 0}
    m_RemovedComponents: []
  m_SourcePrefab: {fileID: 100100000, guid: 77052a38eca9316419b8128b0c9dae19, type: 3}
--- !u!1 &1303507812
GameObject:
  m_ObjectHideFlags: 0
  m_CorrespondingSourceObject: {fileID: 0}
  m_PrefabInstance: {fileID: 0}
  m_PrefabAsset: {fileID: 0}
  serializedVersion: 6
  m_Component:
  - component: {fileID: 1303507813}
  m_Layer: 0
  m_Name: GameObject
  m_TagString: Doors
  m_Icon: {fileID: 0}
  m_NavMeshLayer: 0
  m_StaticEditorFlags: 0
  m_IsActive: 1
--- !u!4 &1303507813
Transform:
  m_ObjectHideFlags: 0
  m_CorrespondingSourceObject: {fileID: 0}
  m_PrefabInstance: {fileID: 0}
  m_PrefabAsset: {fileID: 0}
  m_GameObject: {fileID: 1303507812}
  m_LocalRotation: {x: 0, y: 0, z: 0, w: 1}
  m_LocalPosition: {x: 0, y: 0.36, z: 2.53}
  m_LocalScale: {x: 1, y: 1, z: 1}
  m_Children: []
  m_Father: {fileID: 601624186}
  m_RootOrder: 0
  m_LocalEulerAnglesHint: {x: 0, y: 0, z: 0}
--- !u!1 &1401705989
GameObject:
  m_ObjectHideFlags: 0
  m_CorrespondingSourceObject: {fileID: 0}
  m_PrefabInstance: {fileID: 0}
  m_PrefabAsset: {fileID: 0}
  serializedVersion: 6
  m_Component:
  - component: {fileID: 1401705994}
  - component: {fileID: 1401705993}
  - component: {fileID: 1401705992}
  - component: {fileID: 1401705991}
  - component: {fileID: 1401705990}
  m_Layer: 0
  m_Name: ColliderLevel_25_26
  m_TagString: Untagged
  m_Icon: {fileID: 0}
  m_NavMeshLayer: 0
  m_StaticEditorFlags: 0
  m_IsActive: 1
--- !u!114 &1401705990
MonoBehaviour:
  m_ObjectHideFlags: 0
  m_CorrespondingSourceObject: {fileID: 0}
  m_PrefabInstance: {fileID: 0}
  m_PrefabAsset: {fileID: 0}
  m_GameObject: {fileID: 1401705989}
  m_Enabled: 1
  m_EditorHideFlags: 0
  m_Script: {fileID: 11500000, guid: 7c0809ebc1a73f04cb04ccb6c005309a, type: 3}
  m_Name: 
  m_EditorClassIdentifier: 
  fadeIn_Out: {fileID: 230296937}
  sceneNumberToGo: 26
  thereIsConditions: 0
--- !u!65 &1401705991
BoxCollider:
  m_ObjectHideFlags: 0
  m_CorrespondingSourceObject: {fileID: 0}
  m_PrefabInstance: {fileID: 0}
  m_PrefabAsset: {fileID: 0}
  m_GameObject: {fileID: 1401705989}
  m_Material: {fileID: 0}
  m_IsTrigger: 1
  m_Enabled: 1
  serializedVersion: 2
  m_Size: {x: 6.69, y: 4.59, z: 1}
  m_Center: {x: 0, y: 0, z: 0}
--- !u!23 &1401705992
MeshRenderer:
  m_ObjectHideFlags: 0
  m_CorrespondingSourceObject: {fileID: 0}
  m_PrefabInstance: {fileID: 0}
  m_PrefabAsset: {fileID: 0}
  m_GameObject: {fileID: 1401705989}
  m_Enabled: 0
  m_CastShadows: 1
  m_ReceiveShadows: 1
  m_DynamicOccludee: 1
  m_MotionVectors: 1
  m_LightProbeUsage: 1
  m_ReflectionProbeUsage: 1
  m_RayTracingMode: 2
  m_RenderingLayerMask: 1
  m_RendererPriority: 0
  m_Materials:
  - {fileID: 2100000, guid: 31321ba15b8f8eb4c954353edc038b1d, type: 2}
  m_StaticBatchInfo:
    firstSubMesh: 0
    subMeshCount: 0
  m_StaticBatchRoot: {fileID: 0}
  m_ProbeAnchor: {fileID: 0}
  m_LightProbeVolumeOverride: {fileID: 0}
  m_ScaleInLightmap: 1
  m_ReceiveGI: 1
  m_PreserveUVs: 0
  m_IgnoreNormalsForChartDetection: 0
  m_ImportantGI: 0
  m_StitchLightmapSeams: 1
  m_SelectedEditorRenderState: 3
  m_MinimumChartSize: 4
  m_AutoUVMaxDistance: 0.5
  m_AutoUVMaxAngle: 89
  m_LightmapParameters: {fileID: 0}
  m_SortingLayerID: 0
  m_SortingLayer: 0
  m_SortingOrder: 0
--- !u!33 &1401705993
MeshFilter:
  m_ObjectHideFlags: 0
  m_CorrespondingSourceObject: {fileID: 0}
  m_PrefabInstance: {fileID: 0}
  m_PrefabAsset: {fileID: 0}
  m_GameObject: {fileID: 1401705989}
  m_Mesh: {fileID: 10202, guid: 0000000000000000e000000000000000, type: 0}
--- !u!4 &1401705994
Transform:
  m_ObjectHideFlags: 0
  m_CorrespondingSourceObject: {fileID: 0}
  m_PrefabInstance: {fileID: 0}
  m_PrefabAsset: {fileID: 0}
  m_GameObject: {fileID: 1401705989}
  m_LocalRotation: {x: 0, y: 0.7071068, z: 0, w: 0.7071068}
  m_LocalPosition: {x: -2.7, y: 33.3, z: -2}
  m_LocalScale: {x: 1, y: 1, z: 1}
  m_Children:
  - {fileID: 171851759}
  m_Father: {fileID: 0}
  m_RootOrder: 14
  m_LocalEulerAnglesHint: {x: 0, y: 90, z: 0}
--- !u!1001 &1426811664
PrefabInstance:
  m_ObjectHideFlags: 0
  serializedVersion: 2
  m_Modification:
    m_TransformParent: {fileID: 0}
    m_Modifications:
    - target: {fileID: 1502678424150782, guid: 92c9289d19c6e074d9c51ea15293c0b2, type: 3}
      propertyPath: m_Name
      value: SM_Prop_StripClub_Stage_02
      objectReference: {fileID: 0}
    - target: {fileID: 4292815098176984, guid: 92c9289d19c6e074d9c51ea15293c0b2, type: 3}
      propertyPath: m_LocalPosition.x
      value: -21.65
      objectReference: {fileID: 0}
    - target: {fileID: 4292815098176984, guid: 92c9289d19c6e074d9c51ea15293c0b2, type: 3}
      propertyPath: m_LocalPosition.y
      value: 30.34
      objectReference: {fileID: 0}
    - target: {fileID: 4292815098176984, guid: 92c9289d19c6e074d9c51ea15293c0b2, type: 3}
      propertyPath: m_LocalPosition.z
      value: -0.5
      objectReference: {fileID: 0}
    - target: {fileID: 4292815098176984, guid: 92c9289d19c6e074d9c51ea15293c0b2, type: 3}
      propertyPath: m_LocalRotation.x
      value: 0
      objectReference: {fileID: 0}
    - target: {fileID: 4292815098176984, guid: 92c9289d19c6e074d9c51ea15293c0b2, type: 3}
      propertyPath: m_LocalRotation.y
      value: -0
      objectReference: {fileID: 0}
    - target: {fileID: 4292815098176984, guid: 92c9289d19c6e074d9c51ea15293c0b2, type: 3}
      propertyPath: m_LocalRotation.z
      value: -0
      objectReference: {fileID: 0}
    - target: {fileID: 4292815098176984, guid: 92c9289d19c6e074d9c51ea15293c0b2, type: 3}
      propertyPath: m_LocalRotation.w
      value: 1
      objectReference: {fileID: 0}
    - target: {fileID: 4292815098176984, guid: 92c9289d19c6e074d9c51ea15293c0b2, type: 3}
      propertyPath: m_RootOrder
      value: 0
      objectReference: {fileID: 0}
    - target: {fileID: 4292815098176984, guid: 92c9289d19c6e074d9c51ea15293c0b2, type: 3}
      propertyPath: m_LocalEulerAnglesHint.x
      value: 0
      objectReference: {fileID: 0}
    - target: {fileID: 4292815098176984, guid: 92c9289d19c6e074d9c51ea15293c0b2, type: 3}
      propertyPath: m_LocalEulerAnglesHint.y
      value: 0
      objectReference: {fileID: 0}
    - target: {fileID: 4292815098176984, guid: 92c9289d19c6e074d9c51ea15293c0b2, type: 3}
      propertyPath: m_LocalEulerAnglesHint.z
      value: 0
      objectReference: {fileID: 0}
    - target: {fileID: 4292815098176984, guid: 92c9289d19c6e074d9c51ea15293c0b2, type: 3}
      propertyPath: m_LocalScale.x
      value: 2.3022
      objectReference: {fileID: 0}
    - target: {fileID: 4292815098176984, guid: 92c9289d19c6e074d9c51ea15293c0b2, type: 3}
      propertyPath: m_LocalScale.y
      value: 2.3022
      objectReference: {fileID: 0}
    - target: {fileID: 4292815098176984, guid: 92c9289d19c6e074d9c51ea15293c0b2, type: 3}
      propertyPath: m_LocalScale.z
      value: 2.3022
      objectReference: {fileID: 0}
    m_RemovedComponents: []
  m_SourcePrefab: {fileID: 100100000, guid: 92c9289d19c6e074d9c51ea15293c0b2, type: 3}
--- !u!1 &1596959190 stripped
GameObject:
  m_CorrespondingSourceObject: {fileID: 7363993392085937825, guid: e3e02ed232219ab4da7617fd6df2654e,
    type: 3}
  m_PrefabInstance: {fileID: 230296936}
  m_PrefabAsset: {fileID: 0}
--- !u!1 &1635647614 stripped
GameObject:
  m_CorrespondingSourceObject: {fileID: 7363993391646854842, guid: e3e02ed232219ab4da7617fd6df2654e,
    type: 3}
  m_PrefabInstance: {fileID: 230296936}
  m_PrefabAsset: {fileID: 0}
--- !u!1 &1638445708 stripped
GameObject:
  m_CorrespondingSourceObject: {fileID: 7363993391630467854, guid: e3e02ed232219ab4da7617fd6df2654e,
    type: 3}
  m_PrefabInstance: {fileID: 230296936}
  m_PrefabAsset: {fileID: 0}
--- !u!1001 &1675945849
PrefabInstance:
  m_ObjectHideFlags: 0
  serializedVersion: 2
  m_Modification:
    m_TransformParent: {fileID: 0}
    m_Modifications:
    - target: {fileID: 6966905155628930076, guid: 94057b15cd9c0bd48a0e0173698596a5,
        type: 3}
      propertyPath: m_LocalPosition.x
      value: 0
      objectReference: {fileID: 0}
    - target: {fileID: 6966905155628930076, guid: 94057b15cd9c0bd48a0e0173698596a5,
        type: 3}
      propertyPath: m_LocalPosition.y
      value: 0
      objectReference: {fileID: 0}
    - target: {fileID: 6966905155628930076, guid: 94057b15cd9c0bd48a0e0173698596a5,
        type: 3}
      propertyPath: m_LocalPosition.z
      value: 0
      objectReference: {fileID: 0}
    - target: {fileID: 6966905155628930076, guid: 94057b15cd9c0bd48a0e0173698596a5,
        type: 3}
      propertyPath: m_LocalRotation.x
      value: 0
      objectReference: {fileID: 0}
    - target: {fileID: 6966905155628930076, guid: 94057b15cd9c0bd48a0e0173698596a5,
        type: 3}
      propertyPath: m_LocalRotation.y
      value: 0
      objectReference: {fileID: 0}
    - target: {fileID: 6966905155628930076, guid: 94057b15cd9c0bd48a0e0173698596a5,
        type: 3}
      propertyPath: m_LocalRotation.z
      value: 0
      objectReference: {fileID: 0}
    - target: {fileID: 6966905155628930076, guid: 94057b15cd9c0bd48a0e0173698596a5,
        type: 3}
      propertyPath: m_LocalRotation.w
      value: 1
      objectReference: {fileID: 0}
    - target: {fileID: 6966905155628930076, guid: 94057b15cd9c0bd48a0e0173698596a5,
        type: 3}
      propertyPath: m_RootOrder
      value: 7
      objectReference: {fileID: 0}
    - target: {fileID: 6966905155628930076, guid: 94057b15cd9c0bd48a0e0173698596a5,
        type: 3}
      propertyPath: m_LocalEulerAnglesHint.x
      value: 0
      objectReference: {fileID: 0}
    - target: {fileID: 6966905155628930076, guid: 94057b15cd9c0bd48a0e0173698596a5,
        type: 3}
      propertyPath: m_LocalEulerAnglesHint.y
      value: 0
      objectReference: {fileID: 0}
    - target: {fileID: 6966905155628930076, guid: 94057b15cd9c0bd48a0e0173698596a5,
        type: 3}
      propertyPath: m_LocalEulerAnglesHint.z
      value: 0
      objectReference: {fileID: 0}
    - target: {fileID: 6966905155628930076, guid: 94057b15cd9c0bd48a0e0173698596a5,
        type: 3}
      propertyPath: m_AnchoredPosition.x
      value: 0
      objectReference: {fileID: 0}
    - target: {fileID: 6966905155628930076, guid: 94057b15cd9c0bd48a0e0173698596a5,
        type: 3}
      propertyPath: m_AnchoredPosition.y
      value: 0
      objectReference: {fileID: 0}
    - target: {fileID: 6966905155628930076, guid: 94057b15cd9c0bd48a0e0173698596a5,
        type: 3}
      propertyPath: m_SizeDelta.x
      value: 0
      objectReference: {fileID: 0}
    - target: {fileID: 6966905155628930076, guid: 94057b15cd9c0bd48a0e0173698596a5,
        type: 3}
      propertyPath: m_SizeDelta.y
      value: 0
      objectReference: {fileID: 0}
    - target: {fileID: 6966905155628930076, guid: 94057b15cd9c0bd48a0e0173698596a5,
        type: 3}
      propertyPath: m_AnchorMin.x
      value: 0
      objectReference: {fileID: 0}
    - target: {fileID: 6966905155628930076, guid: 94057b15cd9c0bd48a0e0173698596a5,
        type: 3}
      propertyPath: m_AnchorMin.y
      value: 0
      objectReference: {fileID: 0}
    - target: {fileID: 6966905155628930076, guid: 94057b15cd9c0bd48a0e0173698596a5,
        type: 3}
      propertyPath: m_AnchorMax.x
      value: 0
      objectReference: {fileID: 0}
    - target: {fileID: 6966905155628930076, guid: 94057b15cd9c0bd48a0e0173698596a5,
        type: 3}
      propertyPath: m_AnchorMax.y
      value: 0
      objectReference: {fileID: 0}
    - target: {fileID: 6966905155628930076, guid: 94057b15cd9c0bd48a0e0173698596a5,
        type: 3}
      propertyPath: m_Pivot.x
      value: 0
      objectReference: {fileID: 0}
    - target: {fileID: 6966905155628930076, guid: 94057b15cd9c0bd48a0e0173698596a5,
        type: 3}
      propertyPath: m_Pivot.y
      value: 0
      objectReference: {fileID: 0}
    - target: {fileID: 6966905155628930144, guid: 94057b15cd9c0bd48a0e0173698596a5,
        type: 3}
      propertyPath: m_Name
      value: PauseMenuCanvas
      objectReference: {fileID: 0}
    m_RemovedComponents: []
  m_SourcePrefab: {fileID: 100100000, guid: 94057b15cd9c0bd48a0e0173698596a5, type: 3}
--- !u!1 &1779944485 stripped
GameObject:
  m_CorrespondingSourceObject: {fileID: 7363993392561835681, guid: e3e02ed232219ab4da7617fd6df2654e,
    type: 3}
  m_PrefabInstance: {fileID: 230296936}
  m_PrefabAsset: {fileID: 0}
--- !u!1001 &1877772970
PrefabInstance:
  m_ObjectHideFlags: 0
  serializedVersion: 2
  m_Modification:
    m_TransformParent: {fileID: 0}
    m_Modifications:
    - target: {fileID: 741166273265536591, guid: e802d16c5fee4a04a8c4478cece6b28f,
        type: 3}
      propertyPath: m_TagString
      value: Untagged
      objectReference: {fileID: 0}
    - target: {fileID: 1717234599583297667, guid: e802d16c5fee4a04a8c4478cece6b28f,
        type: 3}
      propertyPath: m_Color.r
      value: 1
      objectReference: {fileID: 0}
    - target: {fileID: 1717234599583297667, guid: e802d16c5fee4a04a8c4478cece6b28f,
        type: 3}
      propertyPath: m_Color.g
      value: 0.8258381
      objectReference: {fileID: 0}
    - target: {fileID: 1717234599583297667, guid: e802d16c5fee4a04a8c4478cece6b28f,
        type: 3}
      propertyPath: m_Color.b
      value: 0
      objectReference: {fileID: 0}
    - target: {fileID: 1717234599583297667, guid: e802d16c5fee4a04a8c4478cece6b28f,
        type: 3}
      propertyPath: m_Range
      value: 1.02
      objectReference: {fileID: 0}
    - target: {fileID: 3221591007631787081, guid: e802d16c5fee4a04a8c4478cece6b28f,
        type: 3}
      propertyPath: m_LocalPosition.x
      value: -2.58
      objectReference: {fileID: 0}
    - target: {fileID: 3221591007631787081, guid: e802d16c5fee4a04a8c4478cece6b28f,
        type: 3}
      propertyPath: m_LocalPosition.z
      value: -14.08
      objectReference: {fileID: 0}
    - target: {fileID: 3696652527068916599, guid: e802d16c5fee4a04a8c4478cece6b28f,
        type: 3}
      propertyPath: m_TagString
      value: Untagged
      objectReference: {fileID: 0}
    - target: {fileID: 6098427553179334812, guid: e802d16c5fee4a04a8c4478cece6b28f,
        type: 3}
      propertyPath: m_LocalPosition.x
      value: 29.97
      objectReference: {fileID: 0}
    - target: {fileID: 6610823224335182478, guid: e802d16c5fee4a04a8c4478cece6b28f,
        type: 3}
      propertyPath: m_Name
      value: Room 13
      objectReference: {fileID: 0}
    - target: {fileID: 6819800538535383660, guid: e802d16c5fee4a04a8c4478cece6b28f,
        type: 3}
      propertyPath: m_LocalPosition.x
      value: 26.01
      objectReference: {fileID: 0}
    - target: {fileID: 7910255385862735256, guid: e802d16c5fee4a04a8c4478cece6b28f,
        type: 3}
      propertyPath: m_LocalPosition.x
      value: -38.4
      objectReference: {fileID: 0}
    - target: {fileID: 7910255385862735256, guid: e802d16c5fee4a04a8c4478cece6b28f,
        type: 3}
      propertyPath: m_LocalPosition.y
      value: 20.1
      objectReference: {fileID: 0}
    - target: {fileID: 7910255385862735256, guid: e802d16c5fee4a04a8c4478cece6b28f,
        type: 3}
      propertyPath: m_LocalPosition.z
      value: -7.4
      objectReference: {fileID: 0}
    - target: {fileID: 7910255385862735256, guid: e802d16c5fee4a04a8c4478cece6b28f,
        type: 3}
      propertyPath: m_LocalRotation.x
      value: 0
      objectReference: {fileID: 0}
    - target: {fileID: 7910255385862735256, guid: e802d16c5fee4a04a8c4478cece6b28f,
        type: 3}
      propertyPath: m_LocalRotation.y
      value: 0.7071068
      objectReference: {fileID: 0}
    - target: {fileID: 7910255385862735256, guid: e802d16c5fee4a04a8c4478cece6b28f,
        type: 3}
      propertyPath: m_LocalRotation.z
      value: 0
      objectReference: {fileID: 0}
    - target: {fileID: 7910255385862735256, guid: e802d16c5fee4a04a8c4478cece6b28f,
        type: 3}
      propertyPath: m_LocalRotation.w
      value: 0.7071068
      objectReference: {fileID: 0}
    - target: {fileID: 7910255385862735256, guid: e802d16c5fee4a04a8c4478cece6b28f,
        type: 3}
      propertyPath: m_RootOrder
      value: 1
      objectReference: {fileID: 0}
    - target: {fileID: 7910255385862735256, guid: e802d16c5fee4a04a8c4478cece6b28f,
        type: 3}
      propertyPath: m_LocalEulerAnglesHint.x
      value: 0
      objectReference: {fileID: 0}
    - target: {fileID: 7910255385862735256, guid: e802d16c5fee4a04a8c4478cece6b28f,
        type: 3}
      propertyPath: m_LocalEulerAnglesHint.y
      value: 90
      objectReference: {fileID: 0}
    - target: {fileID: 7910255385862735256, guid: e802d16c5fee4a04a8c4478cece6b28f,
        type: 3}
      propertyPath: m_LocalEulerAnglesHint.z
      value: 0
      objectReference: {fileID: 0}
    - target: {fileID: 7910255385862735256, guid: e802d16c5fee4a04a8c4478cece6b28f,
        type: 3}
      propertyPath: m_LocalScale.x
      value: 2.3662
      objectReference: {fileID: 0}
    - target: {fileID: 7910255385862735256, guid: e802d16c5fee4a04a8c4478cece6b28f,
        type: 3}
      propertyPath: m_LocalScale.y
      value: 2.3662
      objectReference: {fileID: 0}
    - target: {fileID: 7910255385862735256, guid: e802d16c5fee4a04a8c4478cece6b28f,
        type: 3}
      propertyPath: m_LocalScale.z
      value: 2.3662
      objectReference: {fileID: 0}
    - target: {fileID: 8012175893862134622, guid: e802d16c5fee4a04a8c4478cece6b28f,
        type: 3}
      propertyPath: m_TagString
      value: Untagged
      objectReference: {fileID: 0}
    - target: {fileID: 8014498726448510438, guid: e802d16c5fee4a04a8c4478cece6b28f,
        type: 3}
      propertyPath: m_LocalPosition.x
      value: -2.92
      objectReference: {fileID: 0}
    - target: {fileID: 8014498726448510438, guid: e802d16c5fee4a04a8c4478cece6b28f,
        type: 3}
      propertyPath: m_LocalPosition.z
      value: 8.97
      objectReference: {fileID: 0}
    - target: {fileID: 8014498726448510438, guid: e802d16c5fee4a04a8c4478cece6b28f,
        type: 3}
      propertyPath: m_LocalPosition.y
      value: 1.88
      objectReference: {fileID: 0}
    m_RemovedComponents: []
  m_SourcePrefab: {fileID: 100100000, guid: e802d16c5fee4a04a8c4478cece6b28f, type: 3}
--- !u!4 &1877772971 stripped
Transform:
  m_CorrespondingSourceObject: {fileID: 7910255385862735256, guid: e802d16c5fee4a04a8c4478cece6b28f,
    type: 3}
  m_PrefabInstance: {fileID: 1877772970}
  m_PrefabAsset: {fileID: 0}
--- !u!1001 &1895800964
PrefabInstance:
  m_ObjectHideFlags: 0
  serializedVersion: 2
  m_Modification:
    m_TransformParent: {fileID: 0}
    m_Modifications:
    - target: {fileID: 5440545014901607543, guid: d21693b64600c7f49873d2790f01c5b4,
        type: 3}
      propertyPath: m_Name
      value: Main Camera
      objectReference: {fileID: 0}
    - target: {fileID: 5440545014901607546, guid: d21693b64600c7f49873d2790f01c5b4,
        type: 3}
      propertyPath: m_LocalPosition.x
      value: -113.77
      objectReference: {fileID: 0}
    - target: {fileID: 5440545014901607546, guid: d21693b64600c7f49873d2790f01c5b4,
        type: 3}
      propertyPath: m_LocalPosition.y
      value: 92.7
      objectReference: {fileID: 0}
    - target: {fileID: 5440545014901607546, guid: d21693b64600c7f49873d2790f01c5b4,
        type: 3}
      propertyPath: m_LocalPosition.z
      value: -89.3
      objectReference: {fileID: 0}
    - target: {fileID: 5440545014901607546, guid: d21693b64600c7f49873d2790f01c5b4,
        type: 3}
      propertyPath: m_LocalRotation.x
      value: 0.18882467
      objectReference: {fileID: 0}
    - target: {fileID: 5440545014901607546, guid: d21693b64600c7f49873d2790f01c5b4,
        type: 3}
      propertyPath: m_LocalRotation.y
      value: 0.40142882
      objectReference: {fileID: 0}
    - target: {fileID: 5440545014901607546, guid: d21693b64600c7f49873d2790f01c5b4,
        type: 3}
      propertyPath: m_LocalRotation.z
      value: -0.08496024
      objectReference: {fileID: 0}
    - target: {fileID: 5440545014901607546, guid: d21693b64600c7f49873d2790f01c5b4,
        type: 3}
      propertyPath: m_LocalRotation.w
      value: 0.8921781
      objectReference: {fileID: 0}
    - target: {fileID: 5440545014901607546, guid: d21693b64600c7f49873d2790f01c5b4,
        type: 3}
      propertyPath: m_RootOrder
      value: 4
      objectReference: {fileID: 0}
    - target: {fileID: 5440545014901607546, guid: d21693b64600c7f49873d2790f01c5b4,
        type: 3}
      propertyPath: m_LocalEulerAnglesHint.x
      value: 23.9
      objectReference: {fileID: 0}
    - target: {fileID: 5440545014901607546, guid: d21693b64600c7f49873d2790f01c5b4,
        type: 3}
      propertyPath: m_LocalEulerAnglesHint.y
      value: 48.45
      objectReference: {fileID: 0}
    - target: {fileID: 5440545014901607546, guid: d21693b64600c7f49873d2790f01c5b4,
        type: 3}
      propertyPath: m_LocalEulerAnglesHint.z
      value: 0
      objectReference: {fileID: 0}
    - target: {fileID: 5440545014901607547, guid: d21693b64600c7f49873d2790f01c5b4,
        type: 3}
      propertyPath: orthographic size
      value: 16.8
      objectReference: {fileID: 0}
    - target: {fileID: 5440545014901607549, guid: d21693b64600c7f49873d2790f01c5b4,
        type: 3}
      propertyPath: target
      value: 
      objectReference: {fileID: 68226049}
    m_RemovedComponents: []
  m_SourcePrefab: {fileID: 100100000, guid: d21693b64600c7f49873d2790f01c5b4, type: 3}
--- !u!1 &1908011585
GameObject:
  m_ObjectHideFlags: 0
  m_CorrespondingSourceObject: {fileID: 0}
  m_PrefabInstance: {fileID: 0}
  m_PrefabAsset: {fileID: 0}
  serializedVersion: 6
  m_Component:
  - component: {fileID: 1908011586}
  - component: {fileID: 1908011589}
  - component: {fileID: 1908011588}
  - component: {fileID: 1908011587}
  m_Layer: 0
  m_Name: SM_Prop_Greeble_Panel_01 (13)
  m_TagString: Untagged
  m_Icon: {fileID: 0}
  m_NavMeshLayer: 0
  m_StaticEditorFlags: 0
  m_IsActive: 1
--- !u!4 &1908011586
Transform:
  m_ObjectHideFlags: 0
  m_CorrespondingSourceObject: {fileID: 0}
  m_PrefabInstance: {fileID: 0}
  m_PrefabAsset: {fileID: 0}
  m_GameObject: {fileID: 1908011585}
  m_LocalRotation: {x: 0, y: 0.7071068, z: 0, w: 0.7071068}
  m_LocalPosition: {x: -2.04, y: 4.2327204, z: 1.08}
  m_LocalScale: {x: 0.81416, y: 1, z: 0.7739}
  m_Children: []
  m_Father: {fileID: 1877772971}
  m_RootOrder: 53
  m_LocalEulerAnglesHint: {x: 0, y: 90, z: 0}
--- !u!64 &1908011587
MeshCollider:
  m_ObjectHideFlags: 0
  m_CorrespondingSourceObject: {fileID: 0}
  m_PrefabInstance: {fileID: 0}
  m_PrefabAsset: {fileID: 0}
  m_GameObject: {fileID: 1908011585}
  m_Material: {fileID: 0}
  m_IsTrigger: 0
  m_Enabled: 1
  serializedVersion: 4
  m_Convex: 1
  m_CookingOptions: 30
  m_Mesh: {fileID: 43386271660208670, guid: 7688643efc2d5554a9176017a41b54ed, type: 2}
--- !u!23 &1908011588
MeshRenderer:
  m_ObjectHideFlags: 0
  m_CorrespondingSourceObject: {fileID: 0}
  m_PrefabInstance: {fileID: 0}
  m_PrefabAsset: {fileID: 0}
  m_GameObject: {fileID: 1908011585}
  m_Enabled: 1
  m_CastShadows: 1
  m_ReceiveShadows: 1
  m_DynamicOccludee: 1
  m_MotionVectors: 1
  m_LightProbeUsage: 1
  m_ReflectionProbeUsage: 1
  m_RayTracingMode: 2
  m_RenderingLayerMask: 1
  m_RendererPriority: 0
  m_Materials:
  - {fileID: 2100000, guid: 4cee7a5983b187943adc589b9cb1f084, type: 2}
  m_StaticBatchInfo:
    firstSubMesh: 0
    subMeshCount: 0
  m_StaticBatchRoot: {fileID: 0}
  m_ProbeAnchor: {fileID: 0}
  m_LightProbeVolumeOverride: {fileID: 0}
  m_ScaleInLightmap: 1
  m_ReceiveGI: 1
  m_PreserveUVs: 0
  m_IgnoreNormalsForChartDetection: 0
  m_ImportantGI: 0
  m_StitchLightmapSeams: 1
  m_SelectedEditorRenderState: 3
  m_MinimumChartSize: 4
  m_AutoUVMaxDistance: 0.5
  m_AutoUVMaxAngle: 89
  m_LightmapParameters: {fileID: 0}
  m_SortingLayerID: 0
  m_SortingLayer: 0
  m_SortingOrder: 0
--- !u!33 &1908011589
MeshFilter:
  m_ObjectHideFlags: 0
  m_CorrespondingSourceObject: {fileID: 0}
  m_PrefabInstance: {fileID: 0}
  m_PrefabAsset: {fileID: 0}
  m_GameObject: {fileID: 1908011585}
  m_Mesh: {fileID: 4300000, guid: 4b5b1629a8cd0b24da51bfde9207d6aa, type: 3}
--- !u!1 &2122015917 stripped
GameObject:
  m_CorrespondingSourceObject: {fileID: 7363993392338010346, guid: e3e02ed232219ab4da7617fd6df2654e,
    type: 3}
  m_PrefabInstance: {fileID: 230296936}
  m_PrefabAsset: {fileID: 0}
